 Dungeon Crawl Stone Soup version 0.25-a0-829-g4e6a552925 (webtiles) character file.

Game seed: 7523528614048312645, levelgen mode: deterministic

2 Maedhros the Charlatan (level 1, -3/13 HPs)
             Began as an Octopode Artificer on Apr 21, 2020.
             Slain by Terence
             ... wielding a +2 hand axe of venom
              (4 damage)
             ... on level 2 of the Dungeon.
             The game lasted 00:00:30 (113 turns).

Maedhros the Charlatan (Octopode Artificer)          Turns: 113, Time: 00:00:31

Health: -3/13      AC:  1    Str: 11    XL:     1   Next: 30%
Magic:  3/3        EV: 13    Int: 13    God:
Gold:   35         SH:  0    Dex: 12    Spells: 0/0 levels left

rFire    . . .     SeeInvis .   a - +0 short sword
rCold    . . .     Gourm    .   (no shield)
rNeg     . . .     Faith    .   (helmet restricted)
rPois    .         Spirit   .   (no amulet)
rElec    .         Reflect  .   (no ring)
rCorr    .         Harm     .   (no ring)
MR       .....                  (no ring)
Stlth    +++.......             (no ring)
HPRegen  0.04/turn              (no ring)
MPRegen  0.08/turn              (no ring)
                                (no ring)
                                (no ring)

@: no status effects
A: almost no armour, stealthy swim, amphibious, 8 rings, constrict 8, camouflage
1, gelatinous body 1
a: no special abilities


You were on level 2 of the Dungeon.
You were not hungry.

You visited 1 branch of the dungeon, and saw 2 of its levels.

You collected 35 gold pieces.

Inventory:

Hand Weapons
 a - a +0 short sword (weapon)
Wands
 b - a wand of flame (15)
 c - a wand of enslavement (15)
 d - a wand of random effects (13)
Scrolls
 e - a scroll of enchant weapon {unknown}
Comestibles
 f - 3 rations


   Skills:
 - Level 1.0 Fighting
 - Level 1.0 Short Blades
 - Level 2.0 Dodging
 + Level 1.5 Stealth
 * Level 0.3 Unarmed Combat
 + Level 3.3 Evocations


You couldn't memorise any spells.
You didn't know any spells.
Your spell library was empty.

Dungeon Overview and Level Annotations

Branches:
Dungeon (2/15)

Altars:

Annotations:
D:2 Terence


Innate Abilities, Weirdness & Mutations

You cannot wear most types of armour.
You are very stealthy in the water. (Stealth+)
You are amphibious.
You can wear up to eight rings at the same time.
You can use your tentacles to constrict eight enemies at once.
Your skin changes colour to match your surroundings (Stealth+).
Your rubbery body absorbs attacks. (AC +1, EV +1)


Message History

There is an open door here.
There is an open door here.
Terence the Incautious comes into view.
He is wielding a +2 hand axe of venom and wearing a +2 scale mail of cold resistance.
Terence shouts!
Evoke which item? (* to show all) (? for menu, Esc to quit)
Aiming: Random Effects
Press: ? - help, Shift-Dir - straight line, f - Terence
Aim: Terence, wielding a +2 hand axe of venom and wearing a +2 scale mail of cold resistance Terence seems to speed up.
Evoke which item? (* to show all) (? for menu, Esc to quit)
Aiming: Random Effects
Press: ? - help, Shift-Dir - straight line, f/p - Terence
Aim: Terence, wielding a +2 hand axe of venom and wearing a +2 scale mail of cold resistance (fast)
The fireball explodes!
The fireball engulfs Terence!
Terence is moderately wounded.
The fireball engulfs you!
Ouch! That really hurt!
* * * LOW HITPOINT WARNING * * *
Terence hits you with a +2 hand axe of venom.
You die...

###........# #.#
#.###..........# .#.#
#..............##.#.#
#..............<#.#.#
###..............##.#.#
....................#.#
#.................#.#
#...............##.##
#..@@...........'....
#...............#####
########........#
#........# #........#
#........# #........#
#........# ##########


You could see Terence.

Vanquished Creatures
  A goblin (D:1)
  A frilled lizard (D:1)
2 creatures vanquished.

Notes
Turn   | Place    | Note
-------+----------+-------------------------------------------
     0 | D:1      | Maedhros the Octopode Artificer began the quest for the
                  | Orb.
     0 | D:1      | Reached XP level 1. HP: 13/13 MP: 3/3
     3 | D:1      | Noticed an electric eel
     4 | D:1      | Noticed an electric eel
   107 | D:2      | Noticed Terence
   113 | D:2      | Slain by Terence

Levels and vault maps discovered:
D:1:      arrival_aquarium_b, layout_rooms, lemuel_flame_loot_1
D:2:      layout_basic, gammafunk_temple_of_torment, grunt_decor_clamped,
          serial_bayou_pond_a, kennysheep_nondescript, grunt_ministairs_5,
          uniq_terence, uniq_robin

Action                   || total
-------------------------++-------
Melee: Short sword       ||     2
Evoke: Wand              ||     2
 Stab: Sleeping          ||     2

Table legend:
 A = Non-vault XP
 B = Vault XP
 C = Vault XP percentage of total XP
 D = Non-vault monster count
 E = Vault monster count
 F = Vault count percentage of total count
                 A         B        C        D         E       F
            +---------+---------+-------+---------+---------+-------
      Total |       3 |       0 |   0.0 |       2 |       0 |   0.0
            +---------+---------+-------+---------+---------+-------
        D:1 |       3 |       0 |   0.0 |       2 |       0 |   0.0
            +---------+---------+-------+---------+---------+-------
